Unix xNetHack Version 7.1.0 - last build Dec 11 2022 15:18:36 (91bc4d2507b4b34ac92889b06d50a936f6bde808). Game began 2023-01-04 00:00:33, ended 2023-01-04 00:43:49. UristMcRaven, chaotic female elven Wizard ------ --- --.--.-- |......0 ... . |......| |.----------------#------------------. --<[...| ---|.|.........(...*.....(.............|. ---..-- |..|.|)-------------....0.------------.|. --.| |....|.|..0|...|...|....*.|..| |.|. |.| --....#[|...|.0.|0..|.........| |.|. --.| |.....|.|.......|...|......|..| |)#+ |..| |.---.|.|.[.|...|-.--......----- ------.|. |..---.| |.|.--.------..[.)..)......000......|. --...|..---.|...)..........{.)..(...{....[..(.|( --...%.......|.--|---.--....(--...--...........|. |........---.|.|...|...-----.|.....|.---------(|. --......-| |.|.|...|(0.....|.|u@...|.|..|....|.|. |..---..--|.|.|...|...|...|.|[.(..|.-.0|....|.|..-- ---- --...|.|.|.0.|...|...|.|.....|.|.......|.|.... --.....|.-------------.-------.---------.|.... |....|.|..).......0.....................0#.... --...|.-----------.------------#----------... |..-|....+...................*..........*.| ------------------------------------------- UristMcRaven the Thaumaturge St:12 Dx:9 Co:16 In:20 Wi:11 Ch:9 Chaotic Dlvl:6 $:902 HP:0(52) Pw:6(90) AC:5 Xp:8/1648 T:5721 Latest messages: You kill the lichen! You have extreme difficulty lifting a white unicorn corpse. Continue? [ynq] (q) e - a white unicorn corpse {1300}. You can barely move a handspan with this load! You hear someone cursing shoplifters. Where do you want to travel to? (For instructions type a '?') The white unicorn picks up 16 rocks. Your white unicorn corpse rots away. Your movements are now unencumbered. The white unicorn picks up 9 rocks. What do you want to drop? Never mind. What do you want to eat? Never mind. The white unicorn picks up 8 rocks. You stop waiting. The white unicorn picks up 7 stones. The white unicorn butts! The white unicorn kicks! The white unicorn just misses! The white unicorn kicks! In what direction? The spell hits the white unicorn! The white unicorn resists! The white unicorn just misses! The white unicorn kicks! The white unicorn picks up 6 stones. The white unicorn picks up 7 rocks. The white unicorn picks up 50 rocks. A balsa wand lands on the altar. There is a black flash as a magenta potion hits the altar. A magenta potion lands on the altar. A key lands on the altar. A unicorn horn lands on the altar. The white unicorn butts! The white unicorn misses! The white unicorn butts! The white unicorn kicks! In what direction? The spell misses the white unicorn. The white unicorn just misses! The white unicorn kicks! The white unicorn butts! You die... Do you want your possessions identified? [ynq] (y) Do you want to see your attributes? [ynq] (y) Do you want an account of creatures vanquished? [ynaq] (y) Do you want to see your conduct and achievements? [ynq] (y) Do you want to see the dungeon overview? [ynq] (y) Major events: Turn 1: UristMcRaven the chaotic female elven Wizard entered the dungeon 523: entered the Gnomish Mines 524: attained the rank of Conjurer (level 3) 2619: attained the rank of Thaumaturge (level 6) 3666: reached Mine Town 5721: killed by a white unicorn Inventory: Inventory: 595/750 weight (42/52 slots) Coins ('$') $ - 902 gold pieces {9} Weapons (')') j - an uncursed +0 bullwhip {20} n - 6 uncursed +0 daggers {60} z - 13 uncursed +0 darts {13} N - 2 uncursed burnt +0 wooden darts {1} Armor ('[') b - an uncursed +0 cloak of magic resistance (being worn) {8} H - an uncursed +0 plastic robe {30} R - an uncursed +0 small shield (being worn) {23} V - an uncursed +0 mithril dwarvish helm (being worn) {19} Comestibles ('%') l - 2 uncursed tripe rations {20} p - an uncursed eucalyptus leaf {1} t - 2 uncursed food rations {40} C - an uncursed slime mold {5} J - an uncursed lembas wafer {5} O - an uncursed apple {2} S - 4 uncursed fortune cookies {4} Y - an uncursed carrot {2} Scrolls ('?') y - a blessed scroll of identify {5} Q - an uncursed scroll of identify {5} Spellbooks ('+') E - an uncursed spellbook of teleport away {60} F - an uncursed spellbook of cause fear {45} G - an uncursed spellbook of detect unseen {40} Wands ('/') u - an uncursed wand of locking (0:7) {7} A - an uncursed wand of undead turning (0:5) {7} D - an uncursed wand of speed monster (0:6) {7} I - an uncursed wand of magic missile (0:1) {7} Rings ('=') o - an uncursed ring of shock resistance {3} w - an uncursed ring of protection from shape changers {3} W - an uncursed ring of teleport control {3} Potions ('!') q - an uncursed potion of sleeping {20} x - an uncursed potion of speed {20} L - an uncursed potion of invisibility {20} U - a cursed potion of blindness {20} Tools ('(') g - an uncursed blindfold {2} h - an uncursed bugle {10} m - a cursed oil lamp {20} r - an uncursed skeleton key {3} s - an uncursed skeleton key {3} v - an uncursed towel {5} B - an uncursed lock pick {4} M - an uncursed towel {5} P - 3 uncursed tallow candles {6} T - an uncursed skeleton key {3} UristMcRaven the Wizard's attributes: Background: You were a Thaumaturge, a level 8 female elven Wizard. You were chaotic, on a mission for Anhur who was opposed by Ptah (lawful) and Thoth (neutral). You were heterosexual. You were in the Gnomish Mines, on level 6. You entered the dungeon 5721 turns ago. It was the midnight hour. You had 1648 experience points, 912 more were needed to attain level 9. Basics: You had 0 out of 52 hit points. You had 6 out of 90 energy points (spell power). Your armor class was 5. Your wallet contained 902 zorkmids. Autopickup was on for '$"=/!?+' plus thrown, with exceptions. Final Characteristics: Your strength was 12 (limit:18). Your dexterity was 9 (peak:11, limit:18). Your constitution was 16 (limit:16). Your intelligence was 20 (limit:20). Your wisdom was 11 (limit:20). Your charisma was 9 (limit:18). Final Status: You were not hungry. You were unencumbered. You were bare handed. You were unskilled in bare handed combat. Final Attributes: You were piously aligned. You were magic-protected. You were sleep resistant. You had infravision. You were warded. You were harmed by iron. You are dead. Miscellaneous: You disabled loading of bones levels. Total elapsed playing time was 43 minutes and 16 seconds. Vanquished creatures: 4 orc-captains a gnome ruler a dwarf leader a blue jelly a white unicorn a dust vortex 2 soldier ants a fire ant 5 Uruk-hai 6 orc shamans a pony 3 fog clouds a shrieker a violet fungus 3 gnome leaders 2 giant ants a little dog a floating eye 7 dwarves 16 hill orcs a rothe 2 rabid rats a giant bat a dwarf zombie 2 iguanas 2 acid blobs 3 hobbits a hobgoblin a giant rat a brown mold a yellow mold 2 red molds 28 gnomes 3 garter snakes 4 gnome zombies 3 geckos 4 jackals 2 foxes 6 goblins a sewer rat 3 grid bugs 3 lichens 5 newts 139 creatures vanquished. No species were genocided or became extinct. Voluntary challenges: You read items or engraved 7 times. You never genocided any monsters. You never polymorphed an object. You never changed form. You never touched an artifact. You used no wishes. You never owned a pet. You never scared an enemy with impunity. You were celibate. You never generated conflict. Achievements: You entered the Gnomish Mines. You attained the rank of Conjurer. You entered a shop. You attained the rank of Thaumaturge. You entered Minetown. The Dungeons of Doom: levels 1 to 5 Level 1: "vault tp" Level 2: Stairs down to The Gnomish Mines. Level 3: A fountain. Level 4: A general store, a fountain. Level 5: A fountain. The Gnomish Mines: levels 3 to 6 Level 3: Level 4: Level 5: Level 6: <- You were here. An altar to Anhur, some fountains. Final resting place for you, killed by a white unicorn. Game over: __________ / \ / REST \ / IN \ / PEACE \ / \ | UristMcRaven | | 902 Au | | killed by a | | white unicorn | | | | | | 2023 | *| * * * | * _________)/\\_//(\/(/\)/\//\/|_)_______ Goodbye UristMcRaven the Wizard... You died in The Gnomish Mines on dungeon level 6 with 7654 points, and 902 pieces of gold, after 5721 moves. You were level 8 with a maximum of 52 hit points when you died.